 Dungeon Crawl Stone Soup version 0.23.2 (webtiles) character file.

Game seed: 5396370589823629180

126 Borgoz the Sneak (level 5, -5/41 HPs)
             Began as a Ghoul Enchanter on Apr 4, 2019.
             Slain by a gnoll
             ... wielding a +0 halberd
              (8 damage)
             ... on level 3 of the Dungeon.
             The game lasted 00:03:21 (2522 turns).

Borgoz the Sneak (Ghoul Enchanter)                  Turns: 2522, Time: 00:03:22

Health: -5/41      AC:  2    Str: 12    XL:     5   Next: 10%
Magic:  6/6        EV: 18    Int: 10    God:
Gold:   159        SH:  0    Dex: 15    Spells: 6/7 levels left

rFire    . . .     SeeInvis .   a - +1 dagger (drain)
rCold    + . .     Gourm    .   (no shield)
rNeg     + + +     Faith    .   f - +0 robe
rPois    ∞         Spirit   .   (no helmet)
rElec    .         Reflect  .   (no cloak)
rCorr    .         Harm     .   (no gloves)
MR       .....                  (no boots)
Stlth    +++.......             (no amulet)
HPRegen  0.00/turn              (no ring)
MPRegen  0.10/turn              (no ring)

@: agile, rotting
A: rotting body, claws 1, carnivore, cold resistance 1, negative energy
resistance 3, inhibited regeneration, torment resistance, unbreathing
a: no special abilities


You were on level 3 of the Dungeon.
You were not hungry.

You visited 1 branch of the dungeon, and saw 3 of its levels.

You collected 159 gold pieces.

Inventory:

Hand Weapons
 a - a +1 dagger of draining (weapon)
 b - a +1 dagger of venom
Missiles
 i - 3 steel tomahawks (quivered)
Armour
 f - a +0 robe (worn)
Scrolls
 c - 2 scrolls of remove curse {unknown}
 e - 4 scrolls of identify {unknown}
 g - 2 scrolls of magic mapping {unknown}
 h - a scroll of fear {unknown}
 l - 2 scrolls of amnesia {unknown}
Potions
 k - a potion of agility
 m - a potion of curing {unknown}
Comestibles
 d - 11 rations


   Skills:
 + Level 1.8 Fighting
 * Level 2.7 Short Blades
 + Level 1.7 Armour
 + Level 2.5 Dodging
 - Level 3.2 Stealth
 - Level 1.7 Spellcasting
 - Level 2.4 Hexes


You had 6 spell levels left.
You knew the following spells:

 Your Spells              Type           Power        Failure   Level  Hunger
a - Corona                Hex            #......      12%         1    ##.....

Your spell library contained the following spells:

 Spells                   Type           Power        Failure   Level  Hunger
 Ensorcelled Hibernation  Hex/Ice        #.....       30%         2    ###....
 Confuse                  Hex            #.......     34%         3    ####...
 Tukima's Dance           Hex            #.......     34%         3    ####...
 Dazzling Spray           Conj/Hex       #.....       52%         3    ####...


Dungeon Overview and Level Annotations

Branches:
Dungeon (3/15)

Altars:
The Shining One


Innate Abilities, Weirdness & Mutations

Your body is rotting away.
You thrive on raw meat.
You are immune to poison.
You have sharp fingernails.
You are carnivorous and can eat meat at any time.
Your flesh is cold resistant. (rC+)
You are immune to negative energy. (rN+++)
You do not regenerate when monsters are visible.
You are immune to unholy pain and torment.
You can survive without breathing.


Message History

You barely miss the gnoll.
The gnoll is severely wounded.
The gnoll completely misses you. The gnoll hits you with a +0 halberd.
The gnoll misses you.
You hit the gnoll.
The gnoll is lightly wounded.
The gnoll misses you. The gnoll hits you. The gnoll hits you with a +0 halberd!
* * * LOW HITPOINT WARNING * * *
You hit the gnoll but do no damage.
The gnoll is lightly wounded.
The gnoll hits you with a +0 whip.
* * * LOW HITPOINT WARNING * * *
The gnoll hits you.
* * * LOW HITPOINT WARNING * * *
The gnoll completely misses you.
It was a potion of agility.
You feel agile all of a sudden. The gnoll barely misses you.
The gnoll closely misses you. The gnoll hits you with a +0 halberd!
You die...

#.##.########........#
..##........#..#.##..#
..##.....##.#..#.##..#
#.##.................#
............#........#
....#.....#.#...#.#..#
#############........#
...........###.g.....#
#...#...#..# #.g@....#
.........._# #..g....#
#...#...#..# #.......#
...........# #.......#
############ #.......#
#.......# ####.#### .#


You could see 3 gnolls.

Vanquished Creatures
  3 adders
  A gnoll (D:3)
  A worm (D:3)
  3 dart slugs
  4 leopard geckos
  An orc (D:3)
  15 bats
  4 giant cockroaches
  11 goblins
  7 hobgoblins
  2 jackals (D:1)
  4 kobolds
  A quokka (D:2)
  5 frilled lizards
  8 rats
70 creatures vanquished.

Notes
Turn   | Place    | Note
-------+----------+-------------------------------------------
     0 | D:1      | Borgoz the Ghoul Enchanter began the quest for the Orb.
     0 | D:1      | Reached XP level 1. HP: 14/14 MP: 2/2
    42 | D:1      | Reached skill level 1 in Short Blades
   102 | D:1      | Reached XP level 2. HP: 22/22 MP: 3/3
   308 | D:1      | Reached skill level 1 in Fighting
   333 | D:1      | Reached XP level 3. HP: 17/28 MP: 4/4
   659 | D:1      | Reached skill level 1 in Armour
  1469 | D:2      | Reached XP level 4. HP: 25/34 MP: 5/5
  2463 | D:3      | Found a glowing golden altar of the Shining One.
  2469 | D:3      | Reached XP level 5. HP: 37/41 MP: 6/6
  2522 | D:3      | Slain by a gnoll

Skill      XL: |  1  2  3 |
---------------+----------+-----
Short Blades   | 1 2 |  2.7
Dodging        | 2 |  2.5
Fighting       | 1 |  1.8
Armour         | 1 |  1.7
Stealth        | |  3.2
Spellcasting   | |  1.7
Hexes          | |  2.4

Action                   |  1- 3 |  4- 6 || total
-------------------------+-------+-------++-------
Melee: Dagger            |   178 |    88 ||   266
  Use: Potion            |       |     1 ||     1
 Stab: Sleeping          |     5 |    10 ||    15
       Distracted        |       |     1 ||     1
  Eat: Chunk             |    10 |     5 ||    15
Armor: Robe              |    54 |    12 ||    66
Dodge: Dodged            |   154 |    41 ||   195
